 Dungeon Crawl Stone Soup version 0.32-a0-876-gcfddb08e57 (webtiles) character file.

Game seed: 3113701538849541535

28 Chadd the Shooter (level 3, -3/28 HPs)
             Began as a Coglin Hunter on Mar 31, 2024.
             Slain by a ribbon worm (5 damage)
             ... on level 2 of the Dungeon.
             The game lasted 00:03:09 (827 turns).

Chadd the Shooter (Coglin Hunter)                    Turns: 827, Time: 00:03:09

Health: -3/28      AC:  8    Str: 13    XL:     3   Next: 12%
Magic:  3/3        EV:  6    Int:  8    God:
Gold:   104        SH:  0    Dex: 17    Spells: 2/2 levels left

rFire   . . .        a - +2 sling {Ermengarde}
rCold   . . .        d - +0 sling {Zhen}
rNeg    . . .        f - +0 chain mail
rPois   .            (no helmet)
rElec   .            (no cloak)
rCorr   .            (no gloves)
SInv    .            (no boots)
Will    .....        (amulet unavailable) Stlth
                     (ring unavailable)
HPRegen 0.24/turn    (ring unavailable)
MPRegen 0.08/turn    (no gizmo)

%: no passive effects
@: lethally poisoned (-3 -> -5), revved
A: off-hand wielding, slow wielding, warmup strikes, no jewellery
a: Invent Gizmo


You were on level 2 of the Dungeon.
You visited 1 branch of the dungeon, and saw 2 of its levels.

You collected 104 gold pieces.

Inventory:

Hand Weapons
 a - a +2 sling (weapon) {Ermengarde}
 d - a +0 sling (offhand) {Zhen}
Armour
 c - a +0 leather armour
 f - a +0 chain mail (worn)
Scrolls
 b - 2 scrolls of butterflies
 g - a scroll of fear {unknown}
 j - a scroll of enchant weapon {unknown}
 k - a scroll of blinking {unknown}
Potions
 e - a potion of curing {unknown}
 h - 2 potions of lignification {unknown}
 i - a potion of magic {unknown}


   Skills:
 + Level 2.3 Fighting
 + Level 3.8 Ranged Weapons
 * Level 0.3 Armour
 + Level 2.1 Dodging
 + Level 1.3 Stealth


You had 2 spell levels left.
You didn't know any spells.
Your spell library contained the following spells:

 Spells                   Type           Power      Damage    Failure   Level
 Kiss of Death            Conj/Necr      0%         2d5       100%        1
 Confusing Touch          Hex            0%         N/A       100%        3
 Fugue of the Fallen      Necr           0%         N/A       100%        3
 Ozocubu's Armour         Ice            0%         N/A       100%        3
 Dispel Undead            Necr           0%         3d6       100%        4
 Manifold Assault         Tloc           0%         N/A       100%        7


Dungeon Overview and Level Annotations

Branches:
Dungeon (2/15)

Altars:


Innate Abilities, Weirdness & Mutations

You can wield a second weapon in your off-hand.
It takes a long time for you to wield or remove held weapons.
Your first few attacks do less damage.
You cannot equip rings or amulets.


Message History

The ribbon worm is lightly wounded.
You shoot a sling bullet.
The sling bullet closely misses the adder.
The sling bullet completely misses the ribbon worm.
You feel sick.
The adder bites you but does no damage. x2
You shoot a sling bullet.
The sling bullet closely misses the adder.
The sling bullet hits the endoplasm.
The endoplasm is almost dead.
You shoot a sling bullet.
The sling bullet barely misses the adder.
The sling bullet hits the endoplasm.
You kill the endoplasm!
You feel sick. The adder bites you but does no damage.
The ribbon worm expels a string of sticky webbing.
The stream of webbing hits you but does no damage.
You are caught in a web!
The adder bites you. The ribbon worm barely misses you.
You struggle to detach yourself from the web.
You feel sick. The adder bites you but does no damage. The adder bites you.
You are more poisoned.
The adder poisons you!
The web tears apart.
You feel sick. The ribbon worm bites you.
The adder bites you but does no damage.
Unknown command.
You shoot a sling bullet. The sling bullet misses the adder.
You shoot a sling bullet. The sling bullet misses the adder.
You feel sick. The adder bites you but does no damage.
The ribbon worm bites you.
* * * LOW HITPOINT WARNING * * *
The adder bites you.
* * * LOW HITPOINT WARNING * * *
You shoot a sling bullet. The sling bullet hits the adder!
The adder is severely wounded.
You shoot a sling bullet.
The sling bullet barely misses the adder.
You feel sick. The adder bites you but does no damage.
The ribbon worm bites you.
* * * LOW HITPOINT WARNING * * *
The adder bites you but does no damage. The ribbon worm bites you.
You die...

#.....† .###
##########.....) ....
................ . ...
#........##### ..
##.#####........##### ...
#......#............)
....#..#.............####
#.....w.....#####.#.#
##..S@....# #.#.#
#....##'#.# #.#(#
#....##.#># #.#.#
#......##.#.# #.#.####
#####.......# #.#.#...
.?......#####.#.#.##
###..(...##.........#
#......##.##.#.#### #....
#.#....#


You could see a ribbon worm and an adder.

Vanquished Creatures
  2 ribbon worms (D:2)
  An endoplasm (D:2)
  A giant cockroach (D:1)
  4 goblins
  A hobgoblin (D:2)
  2 kobolds
  A ball python (D:1)
  2 bats (D:1)
  A frilled lizard (D:1)
  9 rats
24 creatures vanquished.

Notes
Turn   | Place    | Note
-------+----------+-------------------------------------------
     0 | D:1      | Chadd the Coglin Hunter began the quest for the Orb.
     0 | D:1      | Reached XP level 1. HP: 16/16 MP: 1/1
    69 | D:1      | Reached skill level 1 in Stealth
   109 | D:1      | Reached XP level 2. HP: 22/22 MP: 2/2
   696 | D:2      | Reached XP level 3. HP: 22/27 MP: 3/3
   827 | D:2      | Slain by a ribbon worm

Illustrated notes

Levels and vault maps discovered:
D:1:      saegor_arrival_simple_a, layout_basic
D:2:      layout_basic, serial_shops, shop_coins

Skill      XL: |  1  2 |
---------------+-------+-----
Stealth        | 1 |  1.3
Dodging        | 2 |  2.1
Fighting       | |  2.3
Ranged Weapons | |  3.8
Armour         | |  0.3

Action                     || total
---------------------------++-------
   Fire: Sling             ||   114
 Armour: Chain mail        ||    35
         Leather armour    ||     1
  Dodge: Dodged            ||     3

Table legend: (Time is in decaauts)
 A = Elapsed time spent in this place.
 B = Non-inter-level travel time spent in this place.
 C = Inter-level travel time spent in this place.
 D = Time resting spent in this place.
 E = Time spent auto-exploring this place.
 F = Levels seen in this place.
 G = Mean time per level.
                   A        B        C        D        E       F      G
               +--------+--------+--------+--------+--------+-----+--------+
         Total |    856 |    802 |     54 |     41 |    603 |   2 |  428.0 |
       Dungeon |    856 |    802 |     54 |     41 |    603 |   2 |  428.0 |
               +--------+--------+--------+--------+--------+-----+--------+

Top non-repeatable levels by time:
     D:1: 511 daAuts
     D:2: 345 daAuts
